cohdb
Replays
Latest Replays
All Replays
Popular Replays
Top Player Replays
Match Explorer
How It Works
Community
CoH3 Stats
Reddit
Sign in to upload your games and track your stats! →
Sign in with Steam
Match 44703395
Unlisted
Match 44703395
Overview
Messages
Build Orders
End
Selects Armored Support Battlegroup
Panzergrenadier Squad
250 Light Carrier
Panzergrenadier Squad
Construct Light Support Kompanie
250 Light Carrier
Fire Support Elements
Combat Half-tracks
Selects Superior Fire Drills
Flakvierling Half-track
le.IG 18 Mechanized Group
Pak 38 Anti-tank Gun Team
Vehicle Survival Package
Construct Panzerarmee Kommand
Selects Flammpanzer III Medium Tank
Flammpanzer III Medium Tank
Assault Mechanized Group
2.5-tonne Medical Truck
Emergency Repair Kits
Advanced Optics
Selects Vehicle Awareness
Vehicle Awareness
Panzer III L Medium Tank
Tungsten Core Ammunition
Selects Command Panzer IV F Medium Tank
Pak 38 Mechanized Group
Armored Reserves
Panzer III L Medium Tank
Pak 38 Anti-tank Gun Team
Pak 38 Anti-tank Gun Team
Rapid Advance
Selects Panzer Storm
Panzer Storm
TheBlueSlug
Killer_bunny
Doktor Bonov
Ul`Man
Phai_Phai
lplp4943718
疾如风
Boo
0
0
Comments
sign in to comment!
No comments posted yet!